 Dungeon Crawl Stone Soup version 0.24-a0-117-g53b5160 (webtiles) character file.

Game seed: 11763310403501147192

80235 galech the Cleaver (level 15, -2/119 HPs)
             Began as a Demonspawn Fighter on Feb 18, 2019.
             Was a High Priest of Okawaru.
             Slain by a purple very ugly thing (18 damage)
             ... on level 15 of the Dungeon.
             The game lasted 00:30:28 (15884 turns).

galech the Cleaver (Demonspawn Fighter)            Turns: 15884, Time: 00:30:28

Health: -2/119     AC: 15    Str: 28    XL:     15   Next: 23%
Magic:  0/17       EV: 15    Int: 10    God:    Okawaru [*****.]
Gold:   2121       SH: 22    Dex: 19    Spells: 14/14 levels left

rFire    + . .     SeeInvis +   G - +8 hand axe of the Traitor {pain, *Noise rPois Str+4 Stlth+}
rCold    . . .     Gourm    .   R - +2 large shield {reflect}
rNeg     + . .     Faith    .   s - +2 ring mail of Hudeklig {rC+}
rPois    +         Spirit   +   p - +1 hat of the Thunderstorm {Str+4}
rElec    .         Reflect  +   n - +0 cloak
rCorr    .         Harm     .   J - +0 pair of gloves
MR       +....                  (no boots)
Stlth    +++++.....             e - amulet of Aciutyo {Spirit rC- rN+ Str+4 Stlth+}
HPRegen  4.29/turn              F - +4 ring of slaying
MPRegen  0.15/turn              O - ring of see invisible

@: no status effects
A: talons 2, molten scales 2, fire resistance 1, powered by death 2, spiny 1,
flame cloud immunity
a: Heroism, Finesse, Renounce Religion


You were on level 15 of the Dungeon.
You worshipped Okawaru.
Okawaru was extremely pleased with you.
You were hungry.

You visited 4 branches of the dungeon, and saw 19 of its levels.
You also visited: Bailey and Ice Cave.

You collected 2286 gold pieces.
You spent 165 gold pieces at shops.

Inventory:

Hand Weapons
 q - a +4 hand axe of distortion
 G - the +8 hand axe of the Traitor (weapon) {pain, *Noise rPois Str+4 Stlth+}
   (You found it on level 7 of the Dungeon)

   In the hands of one skilled in necromantic magic, it inflicts extra damage on
   living creatures.
   It affects your strength (+4).
   It protects you from poison.
   It may make noises in combat.
   It makes you more stealthy.
Armour
 n - a +0 cloak (worn)
 p - the +1 hat of the Thunderstorm (worn) {Str+4}
   (Okawaru gifted it to you on level 2 of the Orcish Mines)

   It affects your strength (+4).
 s - the +2 ring mail of Hudeklig (worn) {rC+}
   (You found it on level 5 of the Dungeon)

   It protects you from cold.
 I - the +6 scale mail of the Great Game {rF+++ rN+++ Str-4 Stlth-}
   (You found it on level 14 of the Dungeon)

   It affects your strength (-4).
   It renders you almost immune to fire.
   It renders you almost immune to negative energy.
   It makes you less stealthy.
 J - a +0 pair of gloves (worn)
 R - a +2 large shield of reflection (worn)
Jewellery
 a - an uncursed ring of magical power
 e - the amulet of Aciutyo (around neck) {Spirit rC- rN+ Str+4 Stlth+}
   (You bought it in a shop on level 2 of the Orcish Mines)

   [amulet of guardian spirit]

   It causes incoming damage to be split between your health and magic.
   It affects your strength (+4).
   It makes you vulnerable to cold.
   It protects you from negative energy.
   It makes you more stealthy.
 F - a +4 ring of slaying (left hand)
 N - an uncursed amulet of the gourmand
 O - a ring of see invisible (right hand)
Wands
 v - a wand of iceblast (16)
 C - a wand of acid (9)
 H - a wand of paralysis (21)
 K - a wand of flame (39)
 M - a wand of digging (4)
 P - a wand of polymorph (11)
 S - a wand of clouds (6)
Scrolls
 c - 3 scrolls of fog {unknown}
 g - 4 scrolls of amnesia
 i - 7 scrolls of teleportation
 k - 5 scrolls of remove curse
 m - 6 scrolls of fear
 o - 2 scrolls of enchant weapon
 t - 5 scrolls of immolation
 w - 7 scrolls of enchant armour
 y - 2 scrolls of random uselessness
 A - 2 scrolls of noise
 B - a scroll of blinking
 D - a scroll of torment
 L - a scroll of holy word
 T - a scroll of acquirement
 V - a scroll of identify
Potions
 b - 3 potions of heal wounds {unknown}
 d - 2 potions of might
 h - 6 potions of lignification {unknown}
 j - 4 potions of agility {unknown}
 l - 10 potions of degeneration
 r - 2 potions of flight {unknown}
 u - a potion of berserk rage {unknown}
 x - a potion of ambrosia {unknown}
 z - 2 potions of mutation {unknown}
 E - 2 potions of curing {unknown}
 U - 2 potions of haste {unknown}
 W - a potion of resistance
Comestibles
 f - 28 rations
 Q - 9 chunks of flesh


   Skills:
 + Level 11.3 Fighting
 + Level 14.4 Axes
 + Level 9.0 Armour
 + Level 8.3 Dodging
 + Level 7.8 Stealth
 + Level 11.8 Shields
 + Level 3.8 Invocations
 + Level 0.3 Evocations


You had 14 spell levels left.
You didn't know any spells.
Your spell library contained the following spells:

 Spells                   Type           Power        Failure   Level  Hunger
 Animate Skeleton         Necr           N/A          96%         1    ##.....
 Pain                     Necr           #...         96%         1    ##.....
 Regeneration             Chrm/Necr      #.........   100%        3    ####...
 Static Discharge         Conj/Air       #.......     100%        3    ####...
 Vampiric Draining        Necr           #.........   100%        3    ####...
 Animate Dead             Necr           N/A          100%        4    #####..
 Lightning Bolt           Conj/Air       #.........   100%        5    ######.
 Malign Gateway           Summ/Tloc      #.........   100%        7    #######
 Monstrous Menagerie      Summ           #.........   100%        7    #######
 Summon Greater Demon     Summ           #.........   100%        7    #######
 Ignition                 Fire           #.........   100%        8    #######
 Summon Horrible Things   Summ           #.........   100%        8    #######
 Shatter                  Erth           #.........   100%        9    #######
 Tornado                  Air            #.........   100%        9    #######


Dungeon Overview and Level Annotations

Branches:
Dungeon (15/15)            Temple (1/1) D:6            Lair (0/6) D:8
    Orc (2/2) D:11            Elf (0/3) Orc:2        Vaults (0/5) D:14
 Depths (1/5) D:15

Altars:
Ashenzari
Cheibriados
Dithmenos
Elyvilon
Fedhas
Gozag
Hepliaklqana
Kikubaaqudgha
Makhleb
Okawaru
Ru
Sif Muna
Trog
Uskayaw
Vehumet
Wu Jian
Xom
Yredelemnul
Zin
The Shining One
Beogh

Shops:
D:4 %   D:7 *   Orc:1 =   Orc:2 %*(*


Innate Abilities, Weirdness & Mutations

You have razor-sharp toenails.
You are mostly covered in molten scales. (AC +3)
Your flesh is heat resistant. (rF+)
You regenerate health from kills.
You are partially covered in sharp spines.
You are immune to clouds of flame.


Message History

You slash the purple very ugly thing!
You claw the purple very ugly thing, but do no damage.
The purple very ugly thing is lightly wounded.
The purple very ugly thing kicks you!!
* * * LOW HITPOINT WARNING * * *
You slash the purple very ugly thing! You claw the purple very ugly thing.
The purple very ugly thing is moderately wounded.
You completely miss the purple very ugly thing.
Your kick misses the purple very ugly thing.
The purple very ugly thing is moderately wounded.
You block the purple very ugly thing's attack.
You completely miss the purple very ugly thing.
You claw the purple very ugly thing!
The purple very ugly thing is heavily wounded.
The purple very ugly thing is struck by your spines.
The purple very ugly thing kicks you but does no damage.
You slash the purple very ugly thing! You claw the purple very ugly thing.
The purple very ugly thing is heavily wounded.
The purple very ugly thing kicks you!!
You die...

#≈..#..≈#
#.# #
#.#.#.#.#
#.# #
#.≈.≈.≈.#
#.######
#.≈...≈.#
#.......
#.≈...≈.#
########
#.##'##.#
#.#..)#.#
#.#†>u#)#
#.'[.)@(#
#########


You could see a purple very ugly thing.

Vanquished Creatures
  Agnes (D:14)
  2 very ugly things (D:15)
  A fire dragon (D:15)
  The ghost of Calas the Fighter, a journeyman MiFi of Okawaru (D:11)
  A great orb of eyes (D:15)
  2 vault guards (D:14)
  A yaktaur captain (D:15)
  Erolcha (D:13)
  An ice dragon (Depths:1)
  4 hydras
  4 centaur warriors
  A catoblepas (D:13)
  11 two-headed ogres
  2 tengu warriors
  A dancing weapon (D:11)
  11 orc high priests (Orc:2)
  2 ogre magi (D:15)
  A deep troll earth mage (D:15)
  4 skeletal warriors (D:15)
  4 unseen horrors
  4 deep trolls (D:15)
  2 orc knights
  Pikel (D:8)
  3 necromancers
  5 ugly things
  5 cyclopes
  2 manticores
  A salamander (shapeshifter) (D:15)
  3 centaur zombies
  3 ice statues (IceCv)
  2 gargoyles
  A yaktaur (D:15)
  A freezing wraith (D:15)
  A harpy zombie (D:14)
  A tengu conjurer (D:14)
  11 trolls
  3 meliai (D:9)
  4 hippogriffs
  A deep troll zombie (Depths:1)
  A shadow (D:11)
  A deep troll skeleton (Depths:1)
  A spriggan (D:7)
  2 vampires
  29 yaks
  A spriggan (shapeshifter) (D:15)
  A water elemental (D:15)
  7 wyverns
  4 wraiths
  2 basilisks (D:15)
  23 humans
  2 hungry ghosts
  5 vampire mosquitoes
  12 wargs
  A soldier ant (D:14)
  3 porcupines (D:8)
  11 ice beasts
  2 black bears (D:8)
  A hornet zombie (D:14)
  19 orc warriors
  A sky beast (D:6)
  A slave (D:8)
  A swamp drake (D:11)
  2 phantoms
  19 ogres
  2 eyes of draining
  9 centaurs
  4 big kobolds
  5 crocodiles
  6 bullfrogs
  A water moccasin zombie (D:8)
  2 wyvern skeletons
  8 scorpions
  4 killer bees (D:12)
  10 wights
  2 electric eels
  3 jellies
  36 orc priests
  4 crimson imps
  30 orc wizards
  2 bullfrog skeletons
  7 centaur skeletons
  6 hounds
  8 iguanas
  8 worker ants
  A hound zombie (D:6)
  A howler monkey zombie (D:7)
  11 adders
  A shadow imp (D:7)
  2 oozes
  3 adder zombies
  An adder skeleton (D:7)
  6 worms
  3 dart slugs (D:1)
  3 leopard geckos
  92 orcs
  6 giant cockroaches
  7 goblins
  9 hobgoblins
  6 jackals
  16 kobolds
  3 quokkas
  A ball python (D:1)
  9 bats
  4 frilled lizards
  4 rats
  9 fungi
  2 plants (D:8)
619 creatures vanquished.

Vanquished Creatures (others)
  A centaur warrior (D:13)
  A kobold (D:12)
  15 fungi (D:8)
  5 plants (D:8)
22 creatures vanquished.

Grand Total: 641 creatures vanquished

Notes
Turn   | Place    | Note
-------+----------+-------------------------------------------
     0 | D:1      | galech the Demonspawn Fighter began the quest for the Orb.
     0 | D:1      | Reached XP level 1. HP: 18/18 MP: 1/1
    58 | D:1      | Reached skill level 2 in Axes
    58 | D:1      | Gained mutation: You regenerate a little health from kills.
                  | [demonic ancestry]
    58 | D:1      | Reached XP level 2. HP: 17/24 MP: 2/2
   326 | D:1      | Reached XP level 3. HP: 28/29 MP: 3/3
   633 | D:2      | Found a glowing silver altar of Zin.
   633 | D:2      | Noticed an angel
  1557 | D:3      | Gained mutation: You are partially covered in molten
                  | scales. (AC +2) [demonic ancestry]
  1557 | D:3      | Reached XP level 4. HP: 32/35 MP: 4/4
  2079 | D:4      | Reached skill level 3 in Axes
  2079 | D:4      | Reached XP level 5. HP: 33/42 MP: 5/5
  2200 | D:4      | Found a snail-covered altar of Cheibriados.
  2378 | D:4      | Found Iniuthra's Food Boutique.
  2512 | D:5      | Entered Level 5 of the Dungeon
  2512 | D:5      | Noticed a phantom
  2565 | D:5      | Killed a phantom
  2565 | D:5      | Reached skill level 4 in Axes
  2565 | D:5      | Gained mutation: You are mostly covered in molten scales.
                  | (AC +3) [demonic ancestry]
  2565 | D:5      | Reached XP level 6. HP: 33/48 MP: 6/6
  2571 | D:5      | Got a dazzling ring mail
  2582 | D:5      | Identified the +2 ring mail of Hudeklig {rC+} (You found it
                  | on level 5 of the Dungeon)
  3178 | D:6      | Noticed a sky beast
  3198 | D:6      | Killed a sky beast
  3401 | D:6      | Gained mutation: You are partially covered in sharp spines.
                  | [demonic ancestry]
  3401 | D:6      | Reached XP level 7. HP: 30/55 MP: 7/7
  3518 | D:6      | Reached skill level 1 in Dodging
  3532 | D:5      | Reached skill level 5 in Axes
  3982 | D:6      | Found a sacrificial altar of Ru.
  4024 | D:6      | Found a staircase to the Ecumenical Temple.
  4127 | Temple   | Entered the Ecumenical Temple
  4265 | Temple   | Became a worshipper of Warmaster Okawaru
  4449 | D:7      | Got a fine hand axe
  4450 | D:7      | Identified the +8 hand axe of the Traitor {pain, *Noise
                  | rPois Str+4 Stlth+} (You found it on level 7 of the
                  | Dungeon)
  4472 | D:7      | Found Fack's General Store.
  4474 | D:7      | Found a blossoming altar of Fedhas.
  4485 | D:7      | Gained mutation: You have sharp toenails. [demonic
                  | ancestry]
  4485 | D:7      | Reached XP level 8. HP: 61/61 MP: 8/8
  4556 | D:7      | Reached skill level 1 in Stealth
  4669 | D:7      | Reached skill level 6 in Axes
  4838 | D:7      | Reached * piety under Okawaru
  4838 | D:7      | Reached skill level 5 in Fighting
  4919 | D:8      | Reached skill level 5 in Armour
  4938 | D:8      | Found a staircase to the Lair.
  4963 | D:8      | Reached skill level 5 in Shields
  4973 | D:8      | Reached skill level 7 in Axes
  4973 | D:8      | Gained mutation: You regenerate health from kills. [demonic
                  | ancestry]
  4973 | D:8      | Reached XP level 9. HP: 68/68 MP: 9/9
  4975 | D:8      | Reached ** piety under Okawaru
  4999 | D:8      | Noticed Pikel
  5042 | D:8      | Killed Pikel
  5042 | D:8      | Reached *** piety under Okawaru
  5042 | D:8      | Reached skill level 8 in Axes
  5243 | D:8      | Noticed a cyclops
  5244 | D:8      | Found a glowing golden altar of the Shining One.
  5244 | D:8      | Found an ornate altar of the Wu Jian Council.
  5244 | D:8      | Found a blossoming altar of Fedhas.
  5244 | D:8      | Found a hide-covered altar of Uskayaw.
  5252 | D:8      | Killed a cyclops
  5254 | D:8      | Found an opulent altar of Gozag.
  5254 | D:8      | Found a shattered altar of Ashenzari.
  5391 | D:8      | Reached XP level 10. HP: 66/76 MP: 10/10
  5882 | D:9      | Reached **** piety under Okawaru
  5882 | D:9      | Reached skill level 9 in Axes
  6082 | D:9      | Received a gift from Okawaru
  6391 | D:10     | Entered Level 10 of the Dungeon
  6468 | D:10     | Reached skill level 1 in Invocations
  6489 | D:10     | Found a flagged portal.
  6500 | Bailey   | Entered a bailey
  6521 | Bailey   | Noticed an orc knight
  6534 | Bailey   | Killed an orc knight
  6534 | Bailey   | Reached ***** piety under Okawaru
  6571 | Bailey   | Found a burning altar of Makhleb.
  6723 | D:10     | Noticed a gargoyle
  6733 | D:10     | Killed a gargoyle
  7018 | D:10     | Reached skill level 5 in Stealth
  7019 | D:10     | Reached skill level 10 in Axes
  7019 | D:10     | Gained mutation: You have razor-sharp toenails. [demonic
                  | ancestry]
  7019 | D:10     | Reached XP level 11. HP: 70/83 MP: 11/11
  7173 | D:10     | Received a gift from Okawaru
  7188 | D:10     | Got a steaming robe {god gift}
  7201 | D:10     | Identified the +1 robe of Qoblojun {rF+ rN+} (Okawaru
                  | gifted it to you on level 10 of the Dungeon)
  7739 | D:11     | Found an iron altar of Okawaru.
  7749 | D:11     | Reached skill level 5 in Dodging
  7923 | D:11     | Noticed Calas's ghost (journeyman MiFi)
  7924 | D:11     | Found a runed translucent door.
  7924 | D:11     | Found a shimmering altar of Xom.
  7924 | D:11     | Noticed a +2 war axe of chaos
  8108 | D:11     | Found a staircase to the Orcish Mines.
  8456 | Orc:1    | Entered Level 1 of the Orcish Mines
  8548 | Orc:2    | Entered Level 2 of the Orcish Mines
  8557 | Orc:2    | Reached skill level 11 in Axes
  8565 | Orc:2    | Noticed an orc high priest
  8580 | Orc:2    | Killed an orc high priest
  8581 | Orc:2    | Found a staircase to the Elven Halls.
  8638 | Orc:2    | Found a frozen archway.
  8647 | IceCv    | Entered an ice cave
  8675 | IceCv    | Noticed a white ugly thing
  8846 | IceCv    | Noticed a white ugly thing
  8862 | IceCv    | Killed a white ugly thing
  8909 | IceCv    | Reached XP level 12. HP: 52/92 MP: 10/12
  9378 | Orc:2    | Reached ****** piety under Okawaru
  9488 | Orc:2    | Noticed an orc high priest
  9507 | Orc:2    | Noticed an orc high priest
  9509 | Orc:2    | Killed an orc high priest
  9509 | Orc:2    | Noticed an orc high priest
  9517 | Orc:2    | Noticed an orc high priest
  9517 | Orc:2    | Noticed an orc high priest
  9518 | Orc:2    | Killed an orc high priest
  9518 | Orc:2    | Reached skill level 12 in Axes
  9519 | Orc:2    | Killed an orc high priest
  9519 | Orc:2    | Received a gift from Okawaru
  9531 | Orc:2    | Noticed an orc high priest
  9547 | Orc:2    | Killed an orc high priest
  9555 | Orc:2    | Noticed an orc high priest
  9557 | Orc:2    | Killed an orc high priest
  9562 | Orc:2    | Killed an orc high priest
  9571 | Orc:2    | Found Kazxiel's Assorted Antiques.
  9571 | Orc:2    | Found Ceblu's Food Emporium.
  9582 | Orc:2    | Killed an orc high priest
  9620 | Orc:2    | Bought a vibrating bone amulet for 165 gold pieces
  9621 | Orc:2    | Identified the amulet of Aciutyo {Spirit rC- rN+ Str+4
                  | Stlth+} (You bought it in a shop on level 2 of the Orcish
                  | Mines)
  9733 | Orc:2    | Found a roughly hewn altar of Beogh.
  9838 | Orc:2    | Found Waimneps's Assorted Antiques.
  9838 | Orc:2    | Noticed an orc high priest
  9845 | Orc:2    | Killed an orc high priest
  9845 | Orc:2    | Received a gift from Okawaru
  9850 | Orc:2    | Got a twisted hat {god gift}
  9861 | Orc:2    | Identified the +1 hat of the Thunderstorm {Str+4} (Okawaru
                  | gifted it to you on level 2 of the Orcish Mines)
  9874 | Orc:2    | Found Becw's Antique Weapon Emporium.
  9874 | Orc:2    | Noticed an orc high priest
  9874 | Orc:2    | Noticed an orc high priest
  9885 | Orc:2    | Killed an orc high priest
  9895 | Orc:2    | Killed an orc high priest
 10248 | Orc:1    | Found Qeguorph's Jewellery Emporium.
 10777 | D:11     | Killed Calas's ghost
 10777 | D:11     | Reached XP level 13. HP: 50/100 MP: 4/14
 11048 | D:12     | You fall through a shaft for 3 floors!
 11048 | D:15     | Entered Level 15 of the Dungeon
 11183 | D:15     | Reached skill level 13 in Axes
 11239 | D:15     | Received a gift from Okawaru
 11519 | D:14     | Received a gift from Okawaru
 11624 | D:14     | Got an ancient scale mail
 11635 | D:14     | Identified the +6 scale mail of the Great Game {rF+++ rN+++
                  | Str-4 Stlth-} (You found it on level 14 of the Dungeon)
 11656 | D:14     | Found a gate to the Vaults.
 11827 | D:13     | Noticed Erolcha
 11847 | D:13     | Killed Erolcha
 11854 | D:13     | Reached skill level 10 in Shields
 11854 | D:13     | Gained mutation: Your flesh is heat resistant. (rF+)
                  | [demonic ancestry]
 11854 | D:13     | Reached XP level 14. HP: 95/109 MP: 2/15
 11900 | D:12     | Received a gift from Okawaru
 12050 | D:12     | Reached skill level 14 in Axes
 12147 | D:12     | Reached skill level 10 in Fighting
 12792 | D:12     | Identified a scroll of acquirement
 13529 | D:14     | Noticed Agnes
 13546 | D:14     | Killed Agnes
 13849 | D:14     | Found a glowing golden altar of the Shining One.
 14044 | D:15     | Received a gift from Okawaru
 14687 | D:15     | Found a staircase to the Depths.
 14765 | Depths:1 | Entered Level 1 of the Depths
 14768 | Depths:1 | Paralysed by a great orb of eyes for 3 turns
 14785 | D:15     | Paralysed by a great orb of eyes for 5 turns
 15009 | D:15     | Paralysed by a great orb of eyes for 3 turns
 15020 | D:15     | Gained mutation: You are immune to clouds of flame.
                  | [demonic ancestry]
 15020 | D:15     | Reached XP level 15. HP: 44/118 MP: 8/17
 15880 | D:15     | HP: 2/119 [purple very ugly thing (27)]
 15884 | D:15     | Slain by a purple very ugly thing

Levels and vault maps discovered:
D:1:      dpeg_arrival_boxorama, layout_rooms
D:2:      layout_basic, zin_angel
D:3:      layout_basic, first_ration
D:4:      layout_rooms, lemuel_round_altar, serial_shops, shop
D:5:      layout_cave_pools, kennysheep_generic_room_15
D:6:      layout_rooms, lemuel_coloured_pillars_altar,
          minmay_temple_entry_antechambers, st_stairs_11
D:7:      layout_cave_pools, serial_shops, shop, the_bakery, fedhas_altar_3
D:8:      layout_loops_ring, minmay_overflow_temple_hex,
          due_lair_maze_entry_diamond, uniq_pikel
D:9:      layout_stronghold, serial_glass, glass_columns_b, glass_columns_a
D:10:     layout_stronghold, enter_bailey_3
D:11:     layout_layer_cave, erik_orc_1, ebering_ghost_xom, okawaru_humans
D:12:     layout_layer_cave, nooodl_orcs_dogs
D:13:     layout_long_grid, uniq_erolcha
D:14:     layout_cross, grunt_vaults_entry_tiered, tso_altar, uniq_agnes
D:15:     grunt_enter_depths_snipers, layout_loops_ring, fountainhead
Temple:   nicolae_temple_figure_eight
Orc:1:    layout_caves, serial_shops, nicolae_shop_waterfront
Orc:2:    st_orc_town, layout_diamond_mine, portal_ice_cave_entry_pillars_1
Depths:1: layout_cave_pools, mu_enter_wizlab_4, corexii_leaking_fountain,
          abyss_entry_small_statue_room, hell_entry, minivault_16,
          chequers_serial_rivers_micro_c, kennysheep_generic_room_16
Bailey:   bailey_axe_3, bailey
IceCv:    ice_cave_statue_garden_chambered

Skill      XL: |  1  2  3  4  5  6  7  8  9 10 11 12 13 14 15 |
---------------+----------------------------------------------+-----
Axes           | 2 3 4 5 7 8 10 11 12 13 14 | 14.4
Shields        | 3 4 5 7 9 10 11 | 11.8
Armour         | 3 4 5 6 7 8 9 |  9.0
Fighting       | 4 5 6 7 8 9 11 | 11.3
Dodging        | 1 2 3 4 5 6 7 8 |  8.3
Stealth        | 2 4 5 6 7 |  7.8
Invocations    | 1 2 3 |  3.8
Evocations     | |  0.3

Action                   |  1- 3 |  4- 6 |  7- 9 | 10-12 | 13-15 || total
-------------------------+-------+-------+-------+-------+-------++-------
Melee: War axe           |   165 |   153 |    65 |       |       ||   383
       Hand axe          |       |       |   121 |   541 |   728 ||  1390
       Kick              |       |       |    47 |   217 |   400 ||   664
Invok: Heroism           |       |       |       |     7 |    14 ||    21
       Finesse           |       |       |       |       |     4 ||     4
Evoke: Wand              |       |       |       |       |     3 ||     3
  Use: Potion            |       |     1 |       |       |       ||     1
       Scroll            |       |       |       |    14 |     6 ||    20
 Stab: Sleeping          |       |       |     7 |    10 |     8 ||    25
       Distracted        |       |       |       |     3 |     4 ||     7
       Petrifying        |       |       |       |       |     3 ||     3
       Petrified         |       |       |       |       |     3 ||     3
  Eat: Chunk             |     2 |     3 |     7 |    28 |    13 ||    53
       Ration            |       |     1 |       |       |     1 ||     2
Armor: Scale mail        |    88 |       |       |       |   147 ||   235
       Chain mail        |    25 |    65 |       |       |       ||    90
       Ring mail         |       |    71 |    72 |   155 |    76 ||   374
Dodge: Dodged            |    42 |    34 |    58 |   243 |   304 ||   681
Block: Shield            |    87 |    81 |    91 |   335 |   152 ||   746
       Large shield      |       |       |       |       |   423 ||   423
       Reflection        |       |       |       |       |    13 ||    13

Table legend:
 A = Non-vault XP
 B = Vault XP
 C = Vault XP percentage of total XP
 D = Non-vault monster count
 E = Vault monster count
 F = Vault count percentage of total count
                 A         B        C        D         E       F
            +---------+---------+-------+---------+---------+-------
      Total |   81008 |   33614 |  29.3 |     460 |     149 |  24.5
            +---------+---------+-------+---------+---------+-------
        D:1 |      50 |       0 |   0.0 |      23 |       0 |   0.0
        D:2 |      26 |       0 |   0.0 |      11 |       0 |   0.0
        D:3 |      41 |       0 |   0.0 |      14 |       0 |   0.0
        D:4 |     155 |       0 |   0.0 |      10 |       0 |   0.0
        D:5 |     268 |       0 |   0.0 |       9 |       0 |   0.0
        D:6 |     549 |     144 |  20.8 |      16 |       2 |  11.1
        D:7 |     676 |     220 |  24.6 |      18 |       1 |   5.3
        D:8 |    1567 |    2035 |  56.5 |      25 |      12 |  32.4
        D:9 |    2267 |       0 |   0.0 |      21 |       0 |   0.0
       D:10 |    5503 |       8 |   0.1 |      54 |       4 |   6.9
       D:11 |    1122 |    2903 |  72.1 |      12 |      20 |  62.5
       D:12 |    8883 |    1082 |  10.9 |      46 |      12 |  20.7
       D:13 |    5688 |     999 |  14.9 |      17 |       1 |   5.6
       D:14 |    8939 |    9482 |  51.5 |      43 |      26 |  37.7
       D:15 |   37682 |    2285 |   5.7 |      76 |       3 |   3.8
      Orc:1 |    1099 |       0 |   0.0 |      15 |       0 |   0.0
      Orc:2 |    5029 |   10249 |  67.1 |      47 |      51 |  52.0
   Depths:1 |    1464 |       0 |   0.0 |       3 |       0 |   0.0
     Bailey |       0 |     951 | 100.0 |       0 |       6 | 100.0
      IceCv |       0 |    3256 | 100.0 |       0 |      11 | 100.0
            +---------+---------+-------+---------+---------+-------
